 Dungeon Crawl Stone Soup version 0.19-a0-1834-g6b7851e (webtiles) character file.

473 Alarkh the Ruffian (level 7, -1/61 HPs)
             Began as a Ghoul Monk on Oct 9, 2016.
             Slain by an ogre
             ... wielding a +0 giant club
              (23 damage)
             ... on level 4 of the Dungeon.
             The game lasted 00:05:43 (3424 turns).

Alarkh the Ruffian (Ghoul Monk)                     Turns: 3424, Time: 00:05:43

Health: -1/61      AC:  3    Str: 15    XL:     7   Next: 10%
Magic:  7/7        EV: 12    Int:  7    God:
Gold:   172        SH:  0    Dex: 11    Spells: 1 memorised, 5 levels left

rFire  . . .     SeeInvis .       - Unarmed
rCold  + . .     Gourm    .     a - +0 robe
rNeg   + + +     Faith    .     (no shield)
rPois  ∞         Spirit   .     (no helmet)
rElec  .         Dismiss  .     k - +0 cloak
rCorr  .         Reflect  .     (no gloves)
MR     .....     Harm     .     (no boots)
Stlth  ++........               (no amulet)
                                (no ring)
                                (no ring)

@: rotting
A: rotting body, claws 1, carnivore 3, cold resistance 1, negative energy
resistance 3, slow regeneration 1, torment resistance, unbreathing
a: no special abilities


You were on level 4 of the Dungeon.
You were not hungry.

You visited 1 branch of the dungeon, and saw 5 of its levels.

You collected 172 gold pieces.

Inventory:

Armour
 a - a +0 robe (worn)
 k - a +0 cloak (worn)
Wands
 d - a wand of slowing (32/48)
Scrolls
 c - a scroll of teleportation {unknown}
 e - a scroll of identify
 g - a scroll of blinking
 h - 2 scrolls of remove curse
 l - a scroll of magic mapping {unknown}
 n - a scroll of amnesia {unknown}
 o - a scroll of immolation
 p - a scroll of random uselessness
 q - a scroll of enchant armour {unknown}
 r - a scroll of enchant weapon {unknown}
 y - a scroll of noise {unknown}
Potions
 f - a potion of beneficial mutation
 i - a potion of resistance
 m - a potion of brilliance
 s - 2 potions of flight
 t - a potion of lignification {unknown}
 u - a potion of curing {unknown}
 w - a potion of haste {unknown}
Books
 j - a book of the Sky

   Spells                             Type                      Level
   a - Summon Lightning Spire         Summoning/Air                4
   b - Airstrike                      Air                          4
   c - Silence                        Hexes/Air                    5
   d - Deflect Missiles               Charms/Air                   6
   e - Conjure Ball Lightning         Conjuration/Air              6
   f - Tornado                        Air                          9
 v - a book of Minor Magic

   Spells                             Type                      Level
   a - Magic Dart                     Conjuration                  1
   b - Blink                          Translocation                2
   c - Call Imp                       Summoning                    2
   d - Repel Missiles                 Charms/Air                   2
   e - Slow                           Hexes                        2
   f - Conjure Flame                  Conjuration/Fire             3
   g - Mephitic Cloud                 Conjuration/Poison/Air       3
Comestibles
 b - 2 meat rations


   Skills:
 + Level 5.4 Fighting
 - Level 2.6 Dodging
 - Level 2.1 Stealth
 * Level 6.8 Unarmed Combat
 + Level 0.8 Spellcasting
 + Level 1.0 Charms
 + Level 0.8 Air Magic


You had 5 spell levels left.
You knew the following spells:

 Your Spells              Type           Power        Failure   Level  Hunger
d - Repel Missiles        Chrm/Air       #.....       47%         2    ###....


Dungeon Overview and Level Annotations

Branches:
Dungeon (5/15)
 Temple: D:4-7

Altars:
Nemelex Xobeh
Xom


Innate Abilities, Weirdness & Mutations

Your body is rotting away.
You thrive on raw meat.
You are immune to poison.
You have sharp fingernails.
You are carnivorous and can eat meat at any time.
Your flesh is cold resistant. (rC+)
You are immune to negative energy. (rN+++)
You regenerate slowly when monsters are visible.
You are immune to unholy pain and torment.
You can survive without breathing.


Message History

An ogre is nearby!
The ogre shouts!
The ogre hits you with a giant club!
You claw the ogre! You claw the ogre.
The ogre is heavily wounded.
You claw the ogre!
The ogre is almost dead.
The ogre hits you with a giant club!
You scratch the ogre but do no damage.
The ogre is almost dead.
The ogre hits you with a giant club!
* * * LOW HITPOINT WARNING * * *
Okay, then.
All of the chunks of flesh in your inventory have rotted away.
There is a stone staircase leading up here.
The ogre barely misses you.
You climb upwards.
There is a stone staircase leading down here.
The ogre hits you with a giant club!!
You die...

.....#
#...#.#.........#
.....#
#####...........#
.....#
##..........#
.....#######
#...########
.....'.....# ##..#
.....#####.# #..#
#)...# #.####..#
#..#.# #.#..(..#
...#.# #.#.##.@#
...).#####.#.##O>#
...#.........#####
...#.#.......#
.....#.......#
...####......#
...# #......# ..##
#......# ###
#......#


You could see an ogre.

Vanquished Creatures
  2 hounds (D:4)
  An orc priest (D:3)
  A centaur skeleton (D:4)
  Jessica (D:3)
  Natasha (thrice) (D:2)
  An orc wizard (D:4)
  2 worker ants (D:4)
  3 gnolls (D:4)
  6 adders
  An ooze (D:3)
  4 worms
  4 dart slugs
  12 orcs
  4 bats
  2 giant cockroaches (D:3)
  9 goblins
  4 hobgoblins
  2 jackals (D:3)
  3 quokkas
  2 frilled lizards
  6 kobolds
  6 rats
79 creatures vanquished.

Notes
Turn   | Place    | Note
-------+----------+-------------------------------------------
     0 | D:1      | Alarkh the Ghoul Monk began the quest for the Orb.
     0 | D:1      | Reached XP level 1. HP: 19/19 MP: 0/0
   119 | D:1      | Reached XP level 2. HP: 21/26 MP: 1/1
   396 | D:1      | Reached skill level 4 in Unarmed Combat
   860 | D:2      | Reached XP level 3. HP: 22/31 MP: 2/2
  1201 | D:2      | Noticed Natasha
  1210 | D:2      | Killed Natasha
  1210 | D:2      | Reached skill level 5 in Unarmed Combat
  1210 | D:2      | Reached XP level 4. HP: 30/40 MP: 3/3
  1362 | D:2      | Noticed Natasha
  1375 | D:2      | Killed Natasha
  1436 | D:2      | Noticed Natasha
  1443 | D:2      | Killed Natasha
  1443 | D:2      | Reached XP level 5. HP: 33/47 MP: 4/4
  1919 | D:3      | Noticed Jessica
  1927 | D:3      | Killed Jessica
  1927 | D:3      | Reached skill level 6 in Unarmed Combat
  1965 | D:3      | Found a sparkling altar of Nemelex Xobeh.
  2190 | D:3      | Reached XP level 6. HP: 52/53 MP: 5/5
  2268 | D:3      | Found a shimmering altar of Xom.
  2270 | D:3      | Found a sacrificial altar of Ru.
  2270 | D:3      | Found an ancient bone altar of Kikubaaqudgha.
  2277 | D:3      | Found a sacrificial altar of Ru.
  2277 | D:3      | Found a deep blue altar of Sif Muna.
  2277 | D:3      | Found a glowing golden altar of the Shining One.
  2602 | D:4      | Learned a level 2 spell: Repel Missiles
  2791 | D:4      | Noticed an orc warrior
  2877 | D:4      | Reached skill level 5 in Fighting
  3180 | D:4      | Reached skill level 1 in Charms
  3180 | D:4      | Reached XP level 7. HP: 37/61 MP: 6/6
  3330 | D:5      | Entered Level 5 of the Dungeon
  3424 | D:4      | Slain by an ogre

Vault maps used:
D:1:      zelgadis_glass_arrival_small
D:2:      uniq_natasha
D:3:      nemelex_xobeh_ov_fountains_minmay, first_bread, doesnt_xom_only_xom,
          uniq_jessica
D:5:      kennysheep_little_box, nicolae_dithmenos_through_a_glass_darkly

Skill      XL: |  1  2  3  4  5  6 |
---------------+-------------------+-----
Unarmed Combat | 4 5 6 |  6.8
Fighting       | 4 5 |  5.4
Charms         | 1 |  1.0
Dodging        | |  2.6
Stealth        | |  2.1
Spellcasting   | |  0.8
Air Magic      | |  0.8

Action                   |  1- 3 |  4- 6 |  7- 9 || total
-------------------------+-------+-------+-------++-------
Melee: Unarmed           |    85 |   174 |    10 ||   269
       Punch             |     1 |     3 |     1 ||     5
  Use: Potion            |       |     1 |       ||     1
       Scroll            |       |     8 |       ||     8
 Stab: Sleeping          |     4 |     5 |       ||     9
       Distracted        |     1 |       |       ||     1
  Eat: Chunk             |       |    10 |     1 ||    11
Armor: Robe              |    33 |    14 |     2 ||    49
Dodge: Dodged            |    68 |    90 |     5 ||   163
